 Dungeon Crawl Stone Soup version 0.27-a0-1590-g15f69828bf (webtiles) character file.

Game seed: 7466858951625702039

92 duskshroud the Ruffian (level 4, -1/45 HPs)
             Began as a Troll Monk on July 18, 2021.
             Slain by an unseen horror (6 damage)
             ... on level 6 of the Dungeon.
             The game lasted 00:05:09 (1205 turns).

duskshroud the Ruffian (Troll Monk)                 Turns: 1205, Time: 00:05:10

Health: -1/45      AC:  4    Str: 26    XL:     4   Next: 35%
Magic:  3/3        EV: 10    Int:  6    God:
Gold:   102        SH:  0    Dex: 12    Spells: 3/3 levels left

rFire    . . .     SeeInvis .     - Unarmed
rCold    . . .     Faith    .   (no shield)
rNeg     . . .     Spirit   .   a - +0 robe
rPois    .         Reflect  .   (helmet restricted)
rElec    .         Harm     .   (no cloak)
rCorr    .         Rampage  .   (gloves unavailable)
Will     .....                  (boots unavailable)
Stlth    ++........             (no amulet)
HPRegen  1.15/turn              l - +6 ring of strength
MPRegen  0.08/turn              (no ring)

@: lethally poisoned (-1 -> -3), slowed, very slow
A: large, unfitting armour, claws 3, regeneration 1, shaggy fur 1, tough skin 1
a: no special abilities


You were on level 6 of the Dungeon.
You visited 1 branch of the dungeon, and saw 5 of its levels.

You collected 102 gold pieces.

Inventory:

Missiles
 k - 3 javelins (quivered)
Armour
 a - a +0 robe (worn)
Jewellery
 l - a +6 ring of strength (left claw)
Scrolls
 c - a scroll of vulnerability
 d - 3 scrolls of identify
 e - a scroll of amnesia {unknown}
 g - a scroll of enchant armour {unknown}
 o - a scroll of summoning {unknown}
Potions
 b - a potion of experience {unknown}
 f - a potion of lignification {unknown}
 h - a potion of haste {unknown}
 i - a potion of resistance {unknown}
 j - a potion of might {unknown}
 m - a potion of mutation {unknown}
 n - 2 potions of invisibility {unknown}


   Skills:
 + Level 3.1 Fighting
 - Level 2.4 Dodging
 - Level 1.0 Stealth
 * Level 4.6 Unarmed Combat


You had 3 spell levels left.
You didn't know any spells.
Your spell library contained the following spells:

 Spells                   Type           Power      Damage    Failure   Level
 Static Discharge         Conj/Air       0%         N/A       58%         2
 Dispel Undead            Necr           0%         3d6       99%         4
 Sticky Flame             Conj/Fire      0%         2d3       99%         4


Dungeon Overview and Level Annotations

Branches:
Dungeon (4/15)
 Temple: D:4-7

Altars:
Cheibriados

Shops:
D:2 *


Innate Abilities, Weirdness & Mutations

You are too large for most types of armour.
You have claws for hands.
Your natural rate of healing is unusually fast.
You are covered in fur. (AC +1)
You have tough skin. (AC +1)


Message History

o - a scroll labelled QUOTSU NIESS 2 gnolls come into view.
The gnoll shouts!
You hear a shout!
The gnoll moves out of view.
You claw the gnoll!
You kill the gnoll!
No target in view!
No target in view!
You see here a +0 whip.
You fall into a shaft and drop 1 floor!
The shaft crumbles and collapses.
There is a stone staircase leading up here.
You can't go down here!
You climb upwards.
There is a stone staircase leading down here.
You fall into a shaft and drop 3 floors!
The shaft crumbles and collapses.
A black bear, a kobold brigand, an orc, a zombie and a skeleton come into view.
The kobold brigand is wielding a +0 short sword and quivering curare-tipped darts.
The black bear growls angrily.
The orc shouts!
You hear a shout!
As you read the scroll labelled TIOCIADWYVAVIS, it crumbles to dust.
It is a scroll of identify.
c - a scroll of vulnerability The bullfrog skeleton hits you.
A bullfrog zombie comes into view.
The wyvern zombie barely misses you. The bullfrog skeleton hits you.
The kobold brigand throws a curare-tipped dart.
Something hits you!
Deactivating autopickup; reactivate with Ctrl-A.
Something hits you!
The kobold brigand throws a curare-tipped dart.
The curare-tipped dart hits you.
You are poisoned.
You have difficulty breathing.
You feel yourself slow down. The wyvern zombie bites you!
* * * LOW HITPOINT WARNING * * *
The bullfrog skeleton barely misses you.
You feel very sick. Something hits you.
You die...

. ## .
#.##. #
#...### .#
#...#/# ..#
#...@##Ko.#
#.hZ.{.#
#..Z...#(#
#.......#
#########


You could see a black bear, a wyvern zombie and a bullfrog skeleton.

Vanquished Creatures
  2 adders (D:2)
  A gnoll (D:3)
  A worm (D:2)
  4 dart slugs
  An orc (D:3)
  6 bats
  4 endoplasms
  A giant cockroach (D:1)
  3 goblins
  6 hobgoblins
  6 jackals (D:2)
  3 kobolds (D:1)
  3 ball pythons
  3 frilled lizards
  6 rats
50 creatures vanquished.

Notes
Turn   | Place    | Note
-------+----------+-------------------------------------------
     0 | D:1      | duskshroud the Troll Monk began the quest for the Orb.
     0 | D:1      | Reached XP level 1. HP: 22/22 MP: 0/0
    99 | D:1      | Reached XP level 2. HP: 29/29 MP: 1/1
   400 | D:2      | Found a snail-covered altar of Cheibriados.
   441 | D:2      | Reached XP level 3. HP: 36/36 MP: 2/2
   457 | D:2      | Reached skill level 4 in Unarmed Combat
   600 | D:2      | Found Zojaj's Assorted Antiques.
   647 | D:2      | Reached XP level 4. HP: 44/45 MP: 3/3
  1192 | D:3      | You fall into a shaft and drop 1 floor!
  1201 | D:3      | You fall into a shaft and drop 3 floors!
  1201 | D:6      | Noticed a kobold brigand
  1201 | D:6      | Noticed a black bear
  1205 | D:6      | Slain by an unseen horror

Illustrated notes

Levels and vault maps discovered:
D:1:      amcnicky_arrival_wind_blow, layout_rooms
D:2:      layout_basic, basic_altar, serial_shops, nicolae_lakefront_shop,
          st_stairs_12, minmay_fractal_squares_5
D:3:      layout_basic, shapermc_ecumenical_altar_mp_highgroup,
          kennysheep_generic_room_11, uniq_grinder, uniq_robin
D:4:      cheibrodos_barr_body, layout_cave_pools,
          nicolae_overflow_hidden_temple,
          mainiacjoe_overflow_concentric_impassable, ashenzari_altar_1,
          lemuel_temple_firewalk_a
D:6:      minmay_chambers_of_threes, layout_gridville,
          hangedman_decor_diamond_cutter, uniq_duvessa, uniq_blork_the_orc

Skill      XL: |  1  2  3 |
---------------+----------+-----
Unarmed Combat | 4 |  4.6
Fighting       | 3 |  3.1
Dodging        | |  2.4
Stealth        | |  1.0

Action                   |  1- 3 |  4- 6 || total
-------------------------+-------+-------++-------
Melee: Unarmed           |    97 |    27 ||   124
  Use: Scroll            |       |     1 ||     1
 Stab: Sleeping          |     1 |       ||     1
Armor: Robe              |    35 |    15 ||    50
Dodge: Dodged            |    41 |    12 ||    53

Table legend: (Time is in decaauts)
 A = Elapsed time spent in this place.
 B = Non-inter-level travel time spent in this place.
 C = Inter-level travel time spent in this place.
 D = Time resting spent in this place.
 E = Time spent auto-exploring this place.
 F = Levels seen in this place.
 G = Mean time per level.
                   A        B        C        D        E       F      G
               +--------+--------+--------+--------+--------+-----+--------+
         Total |   1195 |   1151 |     44 |      0 |    743 |   5 |  239.0 |
       Dungeon |   1195 |   1151 |     44 |      0 |    743 |   5 |  239.0 |
               +--------+--------+--------+--------+--------+-----+--------+

Top non-repeatable levels by time:
     D:2: 557 daAuts
     D:1: 389 daAuts
     D:3: 241 daAuts
     D:6: 3 daAuts
     D:4: 2 daAuts
